[ AOE2 MATCH · #506428655 ]
UnrankedGeorgians vs Bohemians
[ REPLAY ANALYSIS · EXTRACTED FROM THE RECORDED GAME ]
Feudal
10:57
Castle
14:32
Imperial
28:33
| APM avg | 29.0 |
| APM peak | 75 |
| eAPM avg | 14.0 |
| Villagers / military | 164 / 176 |
Focus
⚔️ 20.0% · 🌾 80.0%
Spearman ×119 · Mangonel ×29 · Battering Ram ×28
Feudal
10:57
Castle
15:02
Imperial
28:10
| APM avg | 40.7 |
| APM peak | 118 |
| eAPM avg | 20.8 |
| Villagers / military | 136 / 109 |
Focus
⚔️ 29.1% · 🌾 70.9%
Hand Cannoneer ×87 · Bombard Cannon ×14 · Monk ×4 · Mangonel ×4
Feudal
11:56
Castle
15:53
Imperial
25:09
| APM avg | 28.3 |
| APM peak | 69 |
| eAPM avg | 15.1 |
| Villagers / military | 100 / 97 |
Focus
⚔️ 26.5% · 🌾 73.5%
Spearman ×56 · Hussite Wagon ×18 · Skirmisher ×7 · Monk ×5 · Hand Cannoneer ×5 · Trebuchet (Packed) ×4
Feudal
11:57
Castle
16:02
Imperial
30:06
| APM avg | 52.9 |
| APM peak | 106 |
| eAPM avg | 28.9 |
| Villagers / military | 225 / 186 |
Focus
⚔️ 34.9% · 🌾 65.1%
Scout Cavalry ×95 · Hand Cannoneer ×47 · Camel Scout ×38 · Bombard Cannon ×6
Feudal
10:31
Castle
14:05
Imperial
30:16
| APM avg | 45.7 |
| APM peak | 86 |
| eAPM avg | 23.4 |
| Villagers / military | 182 / 130 |
Focus
⚔️ 27.9% · 🌾 72.1%
Spearman ×103 · Battering Ram ×15 · Bombard Cannon ×8 · Mangonel ×2 · Trebuchet (Packed) ×2
Feudal
10:55
Castle
15:24
Imperial
29:56
| APM avg | 33.5 |
| APM peak | 76 |
| eAPM avg | 17.2 |
| Villagers / military | 162 / 66 |
Focus
⚔️ 29.5% · 🌾 70.5%
Knight ×32 · Throwing Axeman ×21 · Scorpion ×5 · Monk ×4 · Mangonel ×4
Feudal
10:17
Castle
14:37
Imperial
29:14
| APM avg | 42.3 |
| APM peak | 76 |
| eAPM avg | 24.0 |
| Villagers / military | 135 / 273 |
Focus
⚔️ 34.7% · 🌾 65.3%
Spearman ×209 · Battering Ram ×32 · Knight ×25 · Mangonel ×3 · Monk ×2 · Scorpion ×2
Feudal
10:36
Castle
14:11
Imperial
28:30
| APM avg | 34.3 |
| APM peak | 73 |
| eAPM avg | 17.3 |
| Villagers / military | 108 / 62 |
Focus
⚔️ 21.7% · 🌾 78.3%
Rattan Archer ×59 · Petard ×2 · Trebuchet (Packed) ×1
Match map
Initial resources + every placement click. Lines = walls · curves = elevation contours. ◆ gold · ⬟ stone · ● berries · ✦ relic · ◌ wall gap
Your base· ✓ Closed at 14:32 · 0t walls · 3 gate(s)
Sir Dancealot's base· ✓ Closed at 15:02 · 0t walls · 2 gate(s)
2手下留情1's base· ✓ Closed at 15:53 · 0t walls · 3 gate(s)
zenleelee20556's base· ✓ Closed at 16:02 · 0t walls · 2 gate(s)
Hector's base· ✓ Closed at 14:05 · 0t walls · 3 gate(s)
羊了个羊's base· ✓ Closed at 15:24 · 0t walls · 3 gate(s)
玩印度的哥们硬不起来's base· ✓ Closed at 14:37 · 0t walls · 2 gate(s)
这样不好's base· ✓ Closed at 14:11 · 0t walls · 2 gate(s)
Smoothed initial terrain · ◌ = detected wall gap · hover for details
Inputs per minute
— jimmy - - Sir Dancealot
Build order — jimmy
First 150 of 388 actions detected
| 0:02 | Queue | Villager (Male) |
| 0:02 | Queue | Villager (Male) |
| 0:02 | Queue | Villager (Male) |
| 0:03 | Build | House |
| 0:06 | Build | House |
| 0:39 | Queue | Villager (Male) |
| 1:28 | Queue | Villager (Male) |
| 2:05 | Queue | Villager (Male) |
| 2:05 | Queue | Villager (Male) |
| 2:13 | Queue | Villager (Male) |
| 2:49 | Queue | Villager (Male) |
| 3:14 | Queue | Villager (Male) |
| 3:14 | Queue | Villager (Male) |
| 3:26 | Queue | Villager (Male) |
| 3:51 | Build | House |
| 3:52 | Build | House |
| 3:54 | Queue | Villager (Male) |
| 3:54 | Queue | Villager (Male) |
| 4:01 | Queue | Villager (Male) |
| 4:44 | Build | Mill |
| 5:05 | Queue | Villager (Male) |
| 5:05 | Queue | Villager (Male) |
| 5:05 | Queue | Villager (Male) |
| 5:37 | Queue | Villager (Male) |
| 5:37 | Queue | Villager (Male) |
| 5:37 | Queue | Villager (Male) |
| 5:37 | Queue | Villager (Male) |
| 6:05 | Build | House |
| 6:33 | Queue | Villager (Male) |
| 6:34 | Queue | Villager (Male) |
| 7:31 | Queue | Villager (Male) |
| 7:32 | Queue | Villager (Male) |
| 7:32 | Queue | Villager (Male) |
| 7:48 | Build | Farm |
| 7:52 | Build | Farm |
| 7:54 | Build | Farm |
| 8:45 | Research | Feudal Age |
| 10:46 | Queue | Villager (Male) |
| 10:46 | Queue | Villager (Male) |
| 10:57 | Age | Feudal Age |
| 11:00 | Build | Blacksmith |
| 11:04 | Build | Market |
| 11:52 | Research | Castle Age |
| 12:17 | Research | Double-Bit Axe |
| 12:30 | Research | Horse Collar |
| 12:33 | Build | House |
| 12:43 | Build | Farm |
| 12:47 | Build | Farm |
| 12:52 | Build | Farm |
| 14:22 | Queue | Villager (Male) |
| 14:23 | Queue | Villager (Male) |
| 14:29 | Build | Farm |
| 14:32 | Age | Castle Age |
| 14:34 | Build | Farm |
| 14:36 | Research | Bow Saw |
| 14:42 | Build | Town Center |
| 15:10 | Build | Town Center |
| 15:11 | Queue | Villager (Male) |
| 15:11 | Queue | Villager (Male) |
| 15:27 | Queue | Villager (Male) |
| 15:27 | Queue | Villager (Male) |
| 15:32 | Queue | Villager (Male) |
| 15:32 | Queue | Villager (Male) |
| 15:41 | Build | Farm |
| 15:54 | Build | Farm |
| 16:01 | Queue | Villager (Male) |
| 16:03 | Build | Farm |
| 16:13 | Build | Farm |
| 16:18 | Queue | Villager (Male) |
| 16:18 | Queue | Villager (Male) |
| 16:23 | Build | Farm |
| 16:28 | Queue | Villager (Male) |
| 16:28 | Queue | Villager (Male) |
| 16:34 | Build | Farm |
| 16:44 | Build | Farm |
| 16:51 | Build | Farm |
| 16:52 | Queue | Villager (Male) |
| 16:57 | Build | Farm |
| 16:59 | Queue | Villager (Male) |
| 16:59 | Queue | Villager (Male) |
| 17:08 | Build | Farm |
| 17:12 | Queue | Villager (Male) |
| 17:21 | Queue | Villager (Male) |
| 17:21 | Queue | Villager (Male) |
| 17:24 | Build | Farm |
| 17:29 | Queue | Villager (Male) |
| 17:34 | Build | Farm |
| 17:38 | Queue | Villager (Male) |
| 17:45 | Build | House |
| 17:51 | Queue | Villager (Male) |
| 17:53 | Queue | Villager (Male) |
| 18:02 | Build | House |
| 18:06 | Queue | Villager (Male) |
| 18:10 | Build | House |
| 18:14 | Build | Farm |
| 18:20 | Queue | Villager (Male) |
| 18:21 | Queue | Villager (Male) |
| 18:21 | Queue | Villager (Male) |
| 18:24 | Build | Farm |
| 18:26 | Build | Farm |
| 18:28 | Queue | Villager (Male) |
| 18:28 | Queue | Villager (Male) |
| 18:34 | Queue | Villager (Male) |
| 18:34 | Queue | Villager (Male) |
| 18:41 | Build | House |
| 18:46 | Build | Farm |
| 18:48 | Queue | Villager (Male) |
| 18:48 | Queue | Villager (Male) |
| 18:53 | Queue | Villager (Male) |
| 18:53 | Queue | Villager (Male) |
| 19:04 | Queue | Villager (Male) |
| 19:04 | Queue | Villager (Male) |
| 19:05 | Queue | Villager (Male) |
| 19:10 | Build | Farm |
| 19:20 | Build | House |
| 19:21 | Queue | Villager (Male) |
| 19:21 | Queue | Villager (Male) |
| 19:24 | Build | Town Center |
| 19:28 | Queue | Villager (Male) |
| 19:38 | Queue | Villager (Male) |
| 19:38 | Queue | Villager (Male) |
| 19:38 | Queue | Villager (Male) |
| 19:41 | Build | House |
| 19:46 | Build | House |
| 19:53 | Queue | Villager (Male) |
| 19:53 | Queue | Villager (Male) |
| 19:53 | Queue | Villager (Male) |
| 20:10 | Research | Loom |
| 20:17 | Build | Farm |
| 20:17 | Build | Farm |
| 20:26 | Build | House |
| 20:27 | Queue | Villager (Male) |
| 20:27 | Queue | Villager (Male) |
| 20:27 | Queue | Villager (Male) |
| 20:27 | Queue | Villager (Male) |
| 20:31 | Queue | Villager (Male) |
| 20:31 | Queue | Villager (Male) |
| 20:31 | Queue | Villager (Male) |
| 20:35 | Build | Farm |
| 20:37 | Build | Farm |
| 20:38 | Build | Farm |
| 20:39 | Build | Farm |
| 20:41 | Build | Farm |
| 20:43 | Build | Farm |
| 20:46 | Build | Farm |
| 20:48 | Queue | Villager (Male) |
| 20:49 | Queue | Villager (Male) |
| 20:49 | Queue | Villager (Male) |
| 20:49 | Queue | Villager (Male) |
| 20:53 | Build | House |
Build order — Sir Dancealot
First 150 of 405 actions detected
| 0:01 | Queue | Villager (Male) |
| 0:01 | Queue | Villager (Male) |
| 0:02 | Build | House |
| 0:04 | Build | House |
| 0:19 | Queue | Villager (Male) |
| 0:19 | Queue | Villager (Male) |
| 0:19 | Queue | Villager (Male) |
| 1:24 | Queue | Villager (Male) |
| 1:25 | Queue | Villager (Male) |
| 1:49 | Build | Lumber Camp |
| 1:53 | Queue | Villager (Male) |
| 1:53 | Queue | Villager (Male) |
| 2:21 | Queue | Villager (Male) |
| 2:21 | Queue | Villager (Male) |
| 2:26 | Queue | Villager (Male) |
| 2:26 | Queue | Villager (Male) |
| 3:21 | Queue | Villager (Male) |
| 3:22 | Queue | Villager (Male) |
| 3:22 | Queue | Villager (Male) |
| 3:24 | Build | House |
| 3:36 | Queue | Villager (Male) |
| 4:14 | Queue | Villager (Male) |
| 4:14 | Queue | Villager (Male) |
| 4:27 | Queue | Villager (Male) |
| 4:27 | Queue | Villager (Male) |
| 4:50 | Build | Mill |
| 4:53 | Queue | Villager (Male) |
| 4:53 | Queue | Villager (Male) |
| 5:12 | Build | House |
| 5:30 | Queue | Villager (Male) |
| 5:30 | Queue | Villager (Male) |
| 5:30 | Queue | Villager (Male) |
| 6:27 | Queue | Villager (Male) |
| 7:03 | Queue | Villager (Male) |
| 7:04 | Queue | Villager (Male) |
| 7:11 | Build | Mining Camp |
| 7:53 | Queue | Villager (Male) |
| 7:59 | Queue | Villager (Male) |
| 8:21 | Build | Farm |
| 8:22 | Build | Farm |
| 8:23 | Build | Farm |
| 8:28 | Research | Feudal Age |
| 8:29 | Research | Feudal Age |
| 9:18 | Build | House |
| 10:57 | Age | Feudal Age |
| 10:59 | Build | Blacksmith |
| 11:03 | Build | Market |
| 11:04 | Queue | Villager (Male) |
| 11:04 | Queue | Villager (Male) |
| 11:33 | Build | Farm |
| 11:37 | Build | Farm |
| 11:42 | Build | Farm |
| 11:57 | Build | Farm |
| 12:10 | Build | Mining Camp |
| 12:22 | Research | Castle Age |
| 12:59 | Research | Double-Bit Axe |
| 12:59 | Research | Double-Bit Axe |
| 13:07 | Research | Horse Collar |
| 13:07 | Research | Horse Collar |
| 15:02 | Age | Castle Age |
| 15:04 | Build | Monastery |
| 15:05 | Queue | Villager (Male) |
| 15:06 | Queue | Villager (Male) |
| 15:12 | Build | Town Center |
| 15:43 | Queue | Villager (Male) |
| 15:43 | Queue | Villager (Male) |
| 15:46 | Queue | Monk |
| 15:59 | Build | House |
| 16:01 | Build | House |
| 16:22 | Queue | Villager (Male) |
| 16:23 | Queue | Villager (Male) |
| 16:58 | Build | House |
| 16:59 | Build | House |
| 17:08 | Research | Bow Saw |
| 17:09 | Research | Bow Saw |
| 17:14 | Queue | Monk |
| 17:15 | Research | Fervor |
| 17:18 | Queue | Villager (Male) |
| 17:19 | Queue | Villager (Male) |
| 17:34 | Queue | Villager (Male) |
| 17:35 | Research | Wheelbarrow |
| 17:36 | Research | Loom |
| 17:46 | Queue | Villager (Male) |
| 17:50 | Build | House |
| 17:51 | Build | House |
| 17:59 | Build | House |
| 18:07 | Build | Castle |
| 18:11 | Queue | Villager (Male) |
| 18:14 | Build | Farm |
| 18:30 | Queue | Villager (Male) |
| 18:31 | Queue | Villager (Male) |
| 18:31 | Queue | Villager (Male) |
| 18:41 | Build | Farm |
| 18:41 | Build | Farm |
| 18:47 | Queue | Villager (Male) |
| 19:04 | Queue | Villager (Male) |
| 19:04 | Queue | Villager (Male) |
| 19:12 | Build | Town Center |
| 19:19 | Queue | Villager (Male) |
| 19:36 | Build | Farm |
| 19:37 | Build | Farm |
| 19:38 | Build | Farm |
| 19:40 | Queue | Villager (Male) |
| 20:10 | Build | Farm |
| 20:10 | Build | Farm |
| 20:10 | Build | Farm |
| 20:10 | Build | Farm |
| 20:11 | Build | Farm |
| 20:12 | Queue | Villager (Male) |
| 20:12 | Queue | Villager (Male) |
| 20:16 | Build | Farm |
| 20:16 | Build | Farm |
| 20:16 | Build | Farm |
| 20:17 | Build | Farm |
| 20:17 | Build | Farm |
| 20:17 | Build | Farm |
| 20:21 | Build | Farm |
| 20:22 | Build | Farm |
| 20:23 | Queue | Villager (Male) |
| 20:33 | Queue | Villager (Male) |
| 20:33 | Queue | Villager (Male) |
| 20:41 | Build | Farm |
| 20:41 | Build | Farm |
| 20:42 | Build | Farm |
| 20:43 | Queue | Villager (Male) |
| 20:44 | Queue | Villager (Male) |
| 20:46 | Build | Farm |
| 20:57 | Queue | Villager (Male) |
| 21:08 | Queue | Monk |
| 21:17 | Queue | Villager (Male) |
| 21:18 | Queue | Villager (Male) |
| 21:23 | Build | Farm |
| 21:23 | Build | Farm |
| 21:23 | Build | Farm |
| 21:29 | Build | Farm |
| 21:31 | Build | Farm |
| 21:38 | Queue | Villager (Male) |
| 21:52 | Queue | Villager (Male) |
| 21:52 | Queue | Villager (Male) |
| 21:55 | Build | Farm |
| 22:01 | Queue | Villager (Male) |
| 22:01 | Queue | Villager (Male) |
| 22:06 | Research | Sanctity |
| 22:11 | Queue | Monk |
| 22:20 | Queue | Villager (Male) |
| 22:20 | Queue | Villager (Male) |
| 22:33 | Queue | Villager (Male) |
| 22:33 | Queue | Villager (Male) |
| 22:43 | Build | Mill |
| 22:44 | Build | Farm |
Build order — 2手下留情1
First 150 of 246 actions detected
| 0:01 | Queue | Villager (Male) |
| 0:02 | Queue | Villager (Male) |
| 0:02 | Queue | Villager (Male) |
| 0:03 | Build | House |
| 0:04 | Build | House |
| 0:44 | Queue | Villager (Male) |
| 0:45 | Queue | Villager (Male) |
| 1:31 | Queue | Villager (Male) |
| 1:31 | Queue | Villager (Male) |
| 1:51 | Queue | Villager (Male) |
| 1:52 | Queue | Villager (Male) |
| 2:25 | Build | Lumber Camp |
| 2:32 | Queue | Villager (Male) |
| 2:32 | Queue | Villager (Male) |
| 2:49 | Queue | Villager (Male) |
| 2:49 | Queue | Villager (Male) |
| 3:19 | Queue | Villager (Male) |
| 3:27 | Build | House |
| 3:29 | Build | House |
| 3:38 | Queue | Villager (Male) |
| 3:39 | Queue | Villager (Male) |
| 4:01 | Queue | Villager (Male) |
| 4:06 | Build | House |
| 5:11 | Queue | Villager (Male) |
| 5:12 | Queue | Villager (Male) |
| 5:35 | Build | Mill |
| 5:48 | Queue | Villager (Male) |
| 5:49 | Queue | Villager (Male) |
| 5:49 | Queue | Villager (Male) |
| 6:10 | Queue | Villager (Male) |
| 6:36 | Queue | Villager (Male) |
| 6:55 | Queue | Villager (Male) |
| 7:10 | Queue | Villager (Male) |
| 7:58 | Build | Farm |
| 8:33 | Queue | Villager (Male) |
| 8:34 | Queue | Villager (Male) |
| 8:38 | Build | Mining Camp |
| 9:10 | Research | Feudal Age |
| 9:17 | Build | Farm |
| 9:29 | Build | Mining Camp |
| 9:40 | Build | Farm |
| 10:27 | Queue | Villager (Male) |
| 10:28 | Queue | Villager (Male) |
| 10:28 | Research | Loom |
| 10:39 | Build | Farm |
| 11:19 | Build | Farm |
| 11:24 | Build | Farm |
| 11:56 | Age | Feudal Age |
| 12:03 | Build | Market |
| 12:07 | Build | Blacksmith |
| 12:24 | Build | Farm |
| 13:13 | Research | Castle Age |
| 13:15 | Research | Double-Bit Axe |
| 14:09 | Queue | Villager (Male) |
| 14:10 | Queue | Villager (Male) |
| 14:19 | Research | Horse Collar |
| 14:28 | Build | Farm |
| 15:17 | Build | House |
| 15:53 | Age | Castle Age |
| 16:02 | Build | Castle |
| 16:10 | Queue | Villager (Male) |
| 16:20 | Build | Monastery |
| 16:30 | Build | Farm |
| 16:33 | Research | Bow Saw |
| 16:46 | Build | Farm |
| 16:51 | Queue | Villager (Male) |
| 17:14 | Build | Farm |
| 17:20 | Queue | Villager (Male) |
| 17:26 | Build | Mining Camp |
| 17:29 | Queue | Hussite Wagon |
| 17:29 | Queue | Hussite Wagon |
| 17:47 | Queue | Villager (Male) |
| 17:56 | Queue | Monk |
| 18:03 | Build | Farm |
| 18:11 | Queue | Villager (Male) |
| 18:43 | Queue | Villager (Male) |
| 18:54 | Queue | Monk |
| 19:23 | Queue | Villager (Male) |
| 19:26 | Queue | Villager (Male) |
| 19:29 | Build | Farm |
| 20:07 | Queue | Villager (Male) |
| 20:09 | Build | Farm |
| 20:36 | Build | Farm |
| 20:39 | Queue | Villager (Male) |
| 20:43 | Build | Farm |
| 21:14 | Queue | Villager (Male) |
| 21:59 | Research | Imperial Age |
| 22:07 | Build | Town Center |
| 22:20 | Queue | Hussite Wagon |
| 22:54 | Queue | Hussite Wagon |
| 23:14 | Build | Castle |
| 23:25 | Build | Castle |
| 23:33 | Queue | Villager (Male) |
| 23:33 | Queue | Villager (Male) |
| 23:36 | Research | Wheelbarrow |
| 24:04 | Queue | Hussite Wagon |
| 24:09 | Queue | Villager (Male) |
| 24:10 | Queue | Villager (Male) |
| 24:16 | Research | Heavy Plow |
| 24:19 | Queue | Villager (Male) |
| 24:23 | Queue | Villager (Male) |
| 24:58 | Build | Barracks |
| 25:04 | Research | Wagenburg Tactics |
| 25:09 | Age | Imperial Age |
| 25:12 | Queue | Trebuchet (Packed) |
| 25:15 | Queue | Villager (Male) |
| 25:41 | Build | Lumber Camp |
| 25:59 | Queue | Trebuchet (Packed) |
| 26:04 | Research | Pikeman (upgrade) |
| 26:06 | Queue | Spearman |
| 26:06 | Queue | Spearman |
| 26:08 | Queue | Villager (Male) |
| 26:08 | Queue | Villager (Male) |
| 26:21 | Build | Farm |
| 26:29 | Build | Farm |
| 26:34 | Queue | Villager (Male) |
| 27:06 | Queue | Villager (Male) |
| 27:06 | Queue | Villager (Male) |
| 27:10 | Queue | Trebuchet (Packed) |
| 27:12 | Queue | Spearman |
| 27:13 | Queue | Spearman |
| 27:26 | Build | University |
| 27:29 | Queue | Villager (Male) |
| 27:30 | Queue | Villager (Male) |
| 27:34 | Queue | Hussite Wagon |
| 27:35 | Queue | Hussite Wagon |
| 27:40 | Build | Farm |
| 27:47 | Build | Farm |
| 27:49 | Build | Farm |
| 28:01 | Research | Conscription |
| 28:09 | Queue | Spearman |
| 28:14 | Queue | Spearman |
| 28:17 | Research | Fletching |
| 28:21 | Queue | Villager (Male) |
| 28:21 | Queue | Villager (Male) |
| 28:26 | Build | Farm |
| 28:32 | Build | Farm |
| 28:32 | Build | Farm |
| 28:35 | Build | Farm |
| 28:36 | Build | Farm |
| 28:45 | Queue | Hussite Wagon |
| 29:01 | Build | House |
| 29:02 | Build | House |
| 29:04 | Queue | Villager (Male) |
| 29:04 | Queue | Villager (Male) |
| 29:22 | Queue | Hussite Wagon |
| 29:22 | Queue | Hussite Wagon |
| 29:38 | Queue | Trebuchet (Packed) |
| 29:43 | Build | House |
| 29:45 | Queue | Villager (Male) |
Build order — zenleelee20556
First 150 of 396 actions detected
| 0:03 | Queue | Villager (Male) |
| 0:03 | Queue | Villager (Male) |
| 0:04 | Build | House |
| 0:06 | Build | House |
| 0:09 | Queue | Villager (Male) |
| 0:09 | Queue | Villager (Male) |
| 0:09 | Queue | Villager (Male) |
| 1:29 | Queue | Villager (Male) |
| 1:29 | Queue | Villager (Male) |
| 1:53 | Build | Lumber Camp |
| 2:03 | Queue | Villager (Male) |
| 2:03 | Queue | Villager (Male) |
| 2:17 | Queue | Villager (Male) |
| 2:18 | Queue | Villager (Male) |
| 3:00 | Queue | Villager (Male) |
| 3:00 | Queue | Villager (Male) |
| 3:09 | Queue | Villager (Male) |
| 3:09 | Queue | Villager (Male) |
| 3:37 | Build | House |
| 3:38 | Build | House |
| 3:38 | Build | House |
| 3:52 | Queue | Villager (Male) |
| 3:52 | Queue | Villager (Male) |
| 4:22 | Queue | Villager (Male) |
| 4:22 | Queue | Villager (Male) |
| 4:22 | Queue | Villager (Male) |
| 4:27 | Queue | Villager (Male) |
| 4:27 | Queue | Villager (Male) |
| 5:11 | Queue | Villager (Male) |
| 5:15 | Queue | Villager (Male) |
| 5:15 | Queue | Villager (Male) |
| 5:30 | Queue | Villager (Male) |
| 5:37 | Build | Mill |
| 6:11 | Queue | Villager (Male) |
| 6:12 | Queue | Villager (Male) |
| 6:13 | Queue | Villager (Male) |
| 6:25 | Queue | Villager (Male) |
| 6:25 | Queue | Villager (Male) |
| 6:26 | Queue | Villager (Male) |
| 6:34 | Queue | Villager (Male) |
| 6:35 | Queue | Villager (Male) |
| 6:49 | Build | Lumber Camp |
| 6:51 | Queue | Villager (Male) |
| 7:01 | Queue | Villager (Male) |
| 7:01 | Queue | Villager (Male) |
| 7:10 | Queue | Villager (Male) |
| 7:10 | Queue | Villager (Male) |
| 7:34 | Queue | Villager (Male) |
| 7:35 | Queue | Villager (Male) |
| 7:39 | Queue | Villager (Male) |
| 7:40 | Queue | Villager (Male) |
| 7:40 | Queue | Villager (Male) |
| 8:03 | Queue | Villager (Male) |
| 8:03 | Queue | Villager (Male) |
| 8:04 | Queue | Villager (Male) |
| 8:36 | Queue | Villager (Male) |
| 8:36 | Queue | Villager (Male) |
| 8:37 | Queue | Villager (Male) |
| 8:37 | Queue | Villager (Male) |
| 8:47 | Build | Mining Camp |
| 8:59 | Build | Farm |
| 9:00 | Build | Farm |
| 9:03 | Build | Farm |
| 9:24 | Queue | Villager (Male) |
| 9:27 | Build | Farm |
| 9:34 | Research | Feudal Age |
| 9:46 | Build | Farm |
| 10:31 | Build | Farm |
| 10:37 | Build | Farm |
| 11:57 | Age | Feudal Age |
| 12:01 | Build | Market |
| 12:02 | Build | Blacksmith |
| 12:07 | Queue | Villager (Male) |
| 12:07 | Queue | Villager (Male) |
| 12:11 | Research | Loom |
| 12:11 | Research | Loom |
| 12:26 | Build | Farm |
| 12:39 | Research | Double-Bit Axe |
| 12:39 | Research | Double-Bit Axe |
| 12:59 | Research | Castle Age |
| 12:59 | Research | Castle Age |
| 13:13 | Research | Horse Collar |
| 13:13 | Research | Horse Collar |
| 13:14 | Research | Horse Collar |
| 13:55 | Build | House |
| 13:57 | Build | House |
| 14:05 | Research | Gold Mining |
| 14:06 | Research | Gold Mining |
| 16:02 | Age | Castle Age |
| 16:04 | Build | Town Center |
| 16:08 | Queue | Villager (Male) |
| 16:13 | Build | Town Center |
| 16:17 | Queue | Villager (Male) |
| 16:36 | Queue | Villager (Male) |
| 16:44 | Build | Town Center |
| 16:48 | Queue | Villager (Male) |
| 16:55 | Queue | Villager (Male) |
| 17:09 | Queue | Villager (Male) |
| 17:14 | Research | Bow Saw |
| 17:14 | Research | Bow Saw |
| 17:31 | Queue | Villager (Male) |
| 17:37 | Build | Farm |
| 17:39 | Queue | Villager (Male) ×5 |
| 17:52 | Queue | Villager (Male) ×5 |
| 18:01 | Queue | Villager (Male) |
| 18:02 | Queue | Villager (Male) |
| 18:12 | Queue | Villager (Male) ×2 |
| 18:22 | Research | Wheelbarrow |
| 18:22 | Queue | Villager (Male) ×5 |
| 18:23 | Queue | Villager (Male) |
| 18:23 | Queue | Villager (Male) |
| 18:27 | Build | Farm |
| 18:27 | Build | Farm |
| 18:28 | Build | Farm |
| 18:28 | Build | Farm |
| 18:28 | Build | Farm |
| 18:45 | Research | Heavy Plow |
| 18:45 | Research | Heavy Plow |
| 18:46 | Queue | Villager (Male) ×3 |
| 18:47 | Queue | Villager (Male) |
| 18:50 | Build | Farm |
| 18:52 | Build | Farm |
| 18:56 | Queue | Villager (Male) |
| 18:56 | Queue | Villager (Male) |
| 19:04 | Queue | Villager (Male) |
| 19:04 | Queue | Villager (Male) |
| 19:08 | Build | Farm |
| 19:10 | Build | Farm |
| 19:12 | Build | Farm |
| 19:18 | Build | Farm |
| 19:21 | Queue | Villager (Male) |
| 19:21 | Queue | Villager (Male) |
| 19:21 | Queue | Villager (Male) |
| 19:25 | Build | Farm |
| 19:35 | Build | Farm |
| 19:37 | Queue | Villager (Male) |
| 19:37 | Queue | Villager (Male) |
| 19:42 | Build | Farm |
| 19:48 | Queue | Villager (Male) ×2 |
| 19:48 | Queue | Villager (Male) ×2 |
| 19:49 | Queue | Villager (Male) |
| 19:52 | Build | Farm |
| 19:55 | Build | Farm |
| 19:57 | Build | Farm |
| 19:59 | Build | Farm |
| 20:03 | Queue | Villager (Male) ×3 |
| 20:03 | Queue | Villager (Male) ×3 |
| 20:03 | Queue | Villager (Male) ×3 |
| 20:06 | Build | Farm |
| 20:17 | Build | Palisade Gate |
Build order — Hector
First 150 of 428 actions detected
| 0:00 | Queue | Villager (Male) |
| 0:00 | Queue | Villager (Male) |
| 0:01 | Queue | Villager (Male) |
| 0:04 | Build | House |
| 0:05 | Build | House |
| 0:06 | Queue | Villager (Male) |
| 1:25 | Queue | Villager (Male) |
| 1:55 | Build | Lumber Camp |
| 2:03 | Queue | Villager (Male) |
| 2:05 | Queue | Villager (Male) |
| 2:05 | Queue | Villager (Male) |
| 2:43 | Queue | Villager (Male) |
| 2:45 | Queue | Villager (Male) |
| 3:12 | Queue | Villager (Male) |
| 3:12 | Queue | Villager (Male) |
| 3:36 | Build | House |
| 3:37 | Build | House |
| 3:56 | Queue | Villager (Male) |
| 4:00 | Queue | Villager (Male) |
| 4:16 | Build | House |
| 4:49 | Build | Mill |
| 4:56 | Queue | Villager (Male) |
| 4:58 | Queue | Villager (Male) |
| 4:59 | Queue | Villager (Male) |
| 4:59 | Queue | Villager (Male) |
| 5:34 | Queue | Villager (Male) |
| 5:46 | Build | Farm |
| 5:48 | Build | Farm |
| 5:57 | Queue | Villager (Male) |
| 5:57 | Queue | Villager (Male) |
| 6:17 | Queue | Villager (Male) |
| 6:18 | Queue | Villager (Male) |
| 6:21 | Queue | Villager (Male) |
| 6:22 | Queue | Villager (Male) |
| 6:27 | Build | Farm |
| 7:26 | Build | Mining Camp |
| 7:57 | Research | Feudal Age |
| 7:57 | Research | Feudal Age |
| 8:41 | Queue | Villager (Male) |
| 8:41 | Queue | Villager (Male) |
| 10:31 | Age | Feudal Age |
| 10:34 | Build | Market |
| 10:40 | Build | Blacksmith |
| 11:25 | Research | Castle Age |
| 11:25 | Research | Castle Age |
| 11:31 | Research | Double-Bit Axe |
| 11:50 | Research | Horse Collar |
| 11:50 | Research | Horse Collar |
| 11:57 | Build | House |
| 12:13 | Queue | Villager (Male) |
| 14:05 | Age | Castle Age |
| 14:09 | Build | Town Center |
| 14:14 | Build | Town Center |
| 14:26 | Queue | Villager (Male) |
| 14:29 | Research | Bow Saw |
| 14:29 | Research | Heavy Plow |
| 14:30 | Research | Heavy Plow |
| 14:47 | Queue | Villager (Male) |
| 14:57 | Build | House |
| 14:58 | Queue | Villager (Male) |
| 14:58 | Queue | Villager (Male) |
| 15:03 | Queue | Villager (Male) |
| 15:03 | Queue | Villager (Male) |
| 15:06 | Build | Farm |
| 15:10 | Build | Farm |
| 15:12 | Build | Farm |
| 15:13 | Build | Farm |
| 15:14 | Queue | Villager (Male) |
| 15:14 | Queue | Villager (Male) |
| 15:33 | Queue | Villager (Male) |
| 15:33 | Queue | Villager (Male) |
| 15:35 | Build | Farm |
| 15:36 | Build | Farm |
| 15:53 | Queue | Villager (Male) |
| 15:53 | Queue | Villager (Male) |
| 15:56 | Build | Farm |
| 16:00 | Build | Farm |
| 16:04 | Build | House |
| 16:07 | Queue | Villager (Male) |
| 16:07 | Queue | Villager (Male) |
| 16:07 | Queue | Villager (Male) |
| 16:07 | Queue | Villager (Male) |
| 16:09 | Build | Farm |
| 16:16 | Build | Farm |
| 16:28 | Build | Farm |
| 16:28 | Queue | Villager (Male) |
| 16:28 | Queue | Villager (Male) |
| 16:33 | Build | Farm |
| 16:41 | Build | House |
| 16:42 | Build | House |
| 16:43 | Queue | Villager (Male) |
| 16:43 | Queue | Villager (Male) |
| 16:53 | Build | Farm |
| 16:54 | Build | Farm |
| 17:01 | Build | Farm |
| 17:01 | Queue | Villager (Male) |
| 17:02 | Queue | Villager (Male) |
| 17:02 | Queue | Villager (Male) |
| 17:07 | Build | Farm |
| 17:15 | Queue | Villager (Male) |
| 17:15 | Queue | Villager (Male) |
| 17:18 | Build | Farm |
| 17:20 | Build | Farm |
| 17:27 | Queue | Villager (Male) |
| 17:28 | Queue | Villager (Male) |
| 17:30 | Build | Farm |
| 17:36 | Build | Farm |
| 17:40 | Build | House |
| 17:41 | Queue | Villager (Male) |
| 17:41 | Queue | Villager (Male) |
| 17:48 | Queue | Villager (Male) |
| 17:48 | Queue | Villager (Male) |
| 17:57 | Queue | Villager (Male) |
| 17:57 | Queue | Villager (Male) |
| 18:11 | Queue | Villager (Male) |
| 18:11 | Queue | Villager (Male) |
| 18:20 | Queue | Villager (Male) |
| 18:20 | Queue | Villager (Male) |
| 18:24 | Build | Town Center |
| 18:25 | Queue | Villager (Male) |
| 18:25 | Queue | Villager (Male) |
| 18:31 | Build | Farm |
| 18:32 | Build | Farm |
| 18:33 | Build | Farm |
| 18:33 | Queue | Villager (Male) |
| 18:34 | Queue | Villager (Male) |
| 18:38 | Build | House |
| 18:40 | Queue | Villager (Male) |
| 18:40 | Queue | Villager (Male) |
| 18:49 | Build | Farm |
| 18:50 | Queue | Villager (Male) |
| 18:50 | Queue | Villager (Male) |
| 18:57 | Queue | Villager (Male) |
| 18:58 | Queue | Villager (Male) |
| 19:04 | Queue | Villager (Male) |
| 19:04 | Queue | Villager (Male) |
| 19:10 | Build | Farm |
| 19:13 | Build | Farm |
| 19:13 | Queue | Villager (Male) |
| 19:14 | Queue | Villager (Male) |
| 19:19 | Build | House |
| 19:20 | Build | House |
| 19:21 | Queue | Villager (Male) |
| 19:21 | Queue | Villager (Male) |
| 19:34 | Queue | Villager (Male) |
| 19:34 | Queue | Villager (Male) |
| 19:38 | Queue | Villager (Male) |
| 19:38 | Queue | Villager (Male) |
| 19:43 | Queue | Villager (Male) |
| 19:43 | Queue | Villager (Male) |
Build order — 羊了个羊
First 150 of 356 actions detected
| 0:01 | Queue | Villager (Male) |
| 0:01 | Queue | Villager (Male) |
| 0:01 | Queue | Villager (Male) |
| 0:02 | Queue | Villager (Male) |
| 0:04 | Build | House |
| 0:07 | Build | House |
| 0:08 | Build | House |
| 0:09 | Build | House |
| 1:43 | Queue | Villager (Male) |
| 1:43 | Queue | Villager (Male) |
| 2:12 | Queue | Villager (Male) |
| 2:12 | Queue | Villager (Male) |
| 2:32 | Queue | Villager (Male) |
| 2:32 | Queue | Villager (Male) |
| 2:32 | Queue | Villager (Male) |
| 3:43 | Queue | Villager (Male) |
| 3:43 | Queue | Villager (Male) |
| 3:43 | Queue | Villager (Male) |
| 3:43 | Queue | Villager (Male) |
| 3:44 | Queue | Villager (Male) |
| 4:17 | Build | Lumber Camp |
| 4:58 | Queue | Villager (Male) |
| 4:58 | Queue | Villager (Male) |
| 4:58 | Queue | Villager (Male) |
| 4:59 | Queue | Villager (Male) |
| 5:00 | Queue | Villager (Male) |
| 5:00 | Queue | Villager (Male) |
| 5:00 | Queue | Villager (Male) |
| 5:16 | Queue | Villager (Male) |
| 5:17 | Queue | Villager (Male) |
| 5:37 | Queue | Villager (Male) |
| 5:38 | Queue | Villager (Male) |
| 6:26 | Queue | Villager (Male) |
| 6:26 | Queue | Villager (Male) |
| 6:26 | Queue | Villager (Male) |
| 6:26 | Queue | Villager (Male) |
| 6:41 | Build | Mill |
| 6:44 | Queue | Villager (Male) |
| 7:29 | Queue | Villager (Male) |
| 7:29 | Queue | Villager (Male) |
| 7:29 | Queue | Villager (Male) |
| 8:01 | Build | Mining Camp |
| 8:35 | Queue | Villager (Male) |
| 8:35 | Queue | Villager (Male) |
| 8:35 | Queue | Villager (Male) |
| 8:44 | Research | Feudal Age |
| 9:11 | Build | Farm |
| 10:54 | Build | House |
| 10:55 | Age | Feudal Age |
| 11:04 | Queue | Villager (Male) |
| 11:04 | Queue | Villager (Male) |
| 11:15 | Queue | Villager (Male) |
| 11:15 | Queue | Villager (Male) |
| 11:21 | Build | Blacksmith |
| 11:35 | Build | Market |
| 12:11 | Build | House |
| 12:12 | Build | House |
| 12:29 | Research | Castle Age |
| 12:52 | Build | Lumber Camp |
| 13:12 | Research | Double-Bit Axe |
| 13:16 | Build | House |
| 13:17 | Build | House |
| 13:32 | Build | Farm |
| 13:37 | Build | Farm |
| 14:25 | Queue | Villager (Male) |
| 15:17 | Queue | Villager (Male) |
| 15:24 | Age | Castle Age |
| 15:26 | Build | Monastery |
| 15:37 | Build | Town Center |
| 15:50 | Build | Town Center |
| 15:58 | Build | Farm |
| 16:09 | Queue | Monk |
| 16:09 | Queue | Monk |
| 16:13 | Queue | Villager (Male) |
| 16:13 | Queue | Villager (Male) |
| 16:32 | Build | Farm |
| 16:41 | Build | Farm |
| 16:45 | Queue | Villager (Male) |
| 16:53 | Queue | Villager (Male) |
| 16:53 | Queue | Villager (Male) |
| 17:09 | Queue | Villager (Male) |
| 17:09 | Queue | Villager (Male) |
| 17:18 | Build | Farm |
| 17:25 | Build | Farm |
| 17:28 | Build | Farm |
| 17:29 | Queue | Villager (Male) |
| 17:29 | Queue | Villager (Male) |
| 17:31 | Build | Farm |
| 17:34 | Build | Farm |
| 17:37 | Build | Farm |
| 17:47 | Queue | Monk |
| 17:57 | Queue | Villager (Male) |
| 18:01 | Queue | Villager (Male) |
| 18:02 | Queue | Villager (Male) |
| 18:02 | Queue | Villager (Male) |
| 18:06 | Build | Farm |
| 18:10 | Build | Farm |
| 18:21 | Build | Farm |
| 18:29 | Build | Farm |
| 18:32 | Build | Farm |
| 18:39 | Queue | Villager (Male) |
| 18:39 | Queue | Villager (Male) |
| 18:47 | Build | Farm |
| 18:48 | Queue | Villager (Male) |
| 18:48 | Queue | Villager (Male) |
| 19:04 | Queue | Villager (Male) |
| 19:05 | Queue | Villager (Male) |
| 19:05 | Queue | Villager (Male) |
| 19:21 | Queue | Villager (Male) |
| 19:21 | Queue | Villager (Male) |
| 19:22 | Queue | Villager (Male) |
| 19:27 | Build | Farm |
| 19:41 | Queue | Villager (Male) |
| 19:42 | Queue | Villager (Male) |
| 19:42 | Queue | Villager (Male) |
| 19:42 | Queue | Villager (Male) |
| 20:02 | Queue | Villager (Male) |
| 20:03 | Queue | Villager (Male) |
| 20:09 | Build | Farm |
| 20:10 | Queue | Villager (Male) |
| 20:16 | Build | Farm |
| 20:17 | Queue | Villager (Male) |
| 20:19 | Build | Farm |
| 20:25 | Build | Farm |
| 20:26 | Queue | Villager (Male) |
| 20:26 | Queue | Villager (Male) |
| 20:34 | Queue | Villager (Male) |
| 20:37 | Build | Farm |
| 20:40 | Queue | Villager (Male) |
| 20:41 | Queue | Villager (Male) |
| 20:55 | Queue | Villager (Male) |
| 20:55 | Queue | Villager (Male) |
| 20:58 | Queue | Monk |
| 21:16 | Queue | Villager (Male) |
| 21:26 | Build | Mill |
| 21:27 | Build | Farm |
| 21:27 | Build | Farm |
| 21:27 | Build | Farm |
| 21:28 | Build | Farm |
| 21:28 | Build | Farm |
| 21:28 | Build | Farm |
| 21:30 | Build | Farm |
| 21:30 | Build | Farm |
| 21:33 | Queue | Villager (Male) |
| 21:34 | Queue | Villager (Male) |
| 21:34 | Queue | Villager (Male) |
| 21:34 | Queue | Villager (Male) |
| 21:37 | Build | Farm |
| 21:42 | Queue | Villager (Male) |
| 21:42 | Queue | Villager (Male) |
Build order — 玩印度的哥们硬不起来
First 150 of 432 actions detected
| 0:02 | Queue | Villager (Male) |
| 0:02 | Queue | Villager (Male) |
| 0:03 | Build | House |
| 0:04 | Build | House |
| 0:17 | Queue | Villager (Male) |
| 0:17 | Queue | Villager (Male) |
| 0:18 | Queue | Villager (Male) |
| 1:32 | Queue | Villager (Male) |
| 1:33 | Queue | Villager (Male) |
| 2:09 | Queue | Villager (Male) |
| 2:09 | Queue | Villager (Male) |
| 2:34 | Queue | Villager (Male) |
| 2:59 | Build | Lumber Camp |
| 3:02 | Queue | Villager (Male) |
| 3:19 | Queue | Villager (Male) |
| 3:19 | Queue | Villager (Male) |
| 3:46 | Queue | Villager (Male) |
| 3:47 | Queue | Villager (Male) |
| 4:02 | Build | House |
| 4:14 | Queue | Villager (Male) |
| 4:14 | Queue | Villager (Male) |
| 4:34 | Build | House |
| 4:45 | Research | Loom |
| 4:49 | Queue | Villager (Male) |
| 4:49 | Queue | Villager (Male) |
| 5:03 | Build | Mill |
| 5:37 | Queue | Villager (Male) |
| 5:37 | Queue | Villager (Male) |
| 5:51 | Queue | Villager (Male) |
| 5:51 | Queue | Villager (Male) |
| 5:52 | Queue | Villager (Male) |
| 6:06 | Queue | Villager (Male) |
| 6:06 | Queue | Villager (Male) |
| 7:01 | Queue | Villager (Male) |
| 7:01 | Queue | Villager (Male) |
| 8:04 | Research | Feudal Age |
| 9:03 | Build | Mill |
| 9:51 | Queue | Villager (Male) |
| 9:51 | Queue | Villager (Male) |
| 10:02 | Queue | Villager (Male) |
| 10:17 | Age | Feudal Age |
| 10:27 | Build | Market |
| 10:29 | Build | Blacksmith |
| 11:57 | Research | Castle Age |
| 11:57 | Research | Castle Age |
| 12:13 | Build | Mining Camp |
| 12:36 | Build | House |
| 12:46 | Research | Double-Bit Axe |
| 13:58 | Research | Wheelbarrow |
| 14:37 | Age | Castle Age |
| 14:43 | Build | Monastery |
| 14:44 | Queue | Villager (Male) |
| 14:51 | Build | Town Center |
| 15:16 | Build | House |
| 15:28 | Queue | Monk |
| 15:35 | Build | Town Center |
| 15:57 | Research | Bow Saw |
| 15:57 | Research | Bow Saw |
| 16:10 | Build | House |
| 16:16 | Queue | Villager (Male) |
| 16:19 | Build | Farm |
| 16:41 | Queue | Villager (Male) |
| 16:44 | Build | House |
| 16:46 | Queue | Villager (Male) |
| 16:51 | Build | Farm |
| 16:51 | Queue | Villager (Male) |
| 16:53 | Build | Farm |
| 17:08 | Build | Farm |
| 17:23 | Build | House |
| 17:34 | Queue | Villager (Male) |
| 17:37 | Build | Mill |
| 17:47 | Queue | Villager (Male) |
| 17:48 | Build | Farm |
| 17:49 | Build | Farm |
| 18:02 | Build | House |
| 18:03 | Queue | Villager (Male) |
| 18:03 | Queue | Villager (Male) |
| 18:12 | Build | Farm |
| 18:21 | Build | Farm |
| 18:23 | Queue | Villager (Male) |
| 18:24 | Queue | Villager (Male) |
| 18:34 | Queue | Villager (Male) |
| 18:34 | Queue | Villager (Male) |
| 18:36 | Build | House |
| 18:46 | Queue | Villager (Male) |
| 18:46 | Queue | Villager (Male) |
| 18:58 | Queue | Villager (Male) |
| 18:59 | Queue | Villager (Male) |
| 19:07 | Build | House |
| 19:07 | Queue | Villager (Male) |
| 19:18 | Queue | Villager (Male) |
| 19:39 | Queue | Villager (Male) |
| 19:40 | Queue | Villager (Male) |
| 19:42 | Build | House |
| 19:46 | Build | Town Center |
| 20:09 | Queue | Villager (Male) |
| 20:09 | Queue | Villager (Male) |
| 20:14 | Queue | Villager (Male) |
| 20:14 | Queue | Villager (Male) |
| 20:17 | Build | Farm |
| 20:17 | Build | Farm |
| 20:18 | Build | Farm |
| 20:18 | Build | Farm |
| 20:20 | Build | Farm |
| 20:21 | Build | Farm |
| 20:22 | Queue | Villager (Male) |
| 20:34 | Queue | Villager (Male) |
| 20:34 | Queue | Villager (Male) |
| 20:37 | Build | House |
| 20:38 | Build | House |
| 20:38 | Build | House |
| 21:00 | Queue | Villager (Male) |
| 21:00 | Queue | Villager (Male) |
| 21:06 | Queue | Villager (Male) |
| 21:07 | Queue | Villager (Male) |
| 21:24 | Queue | Villager (Male) |
| 21:33 | Build | Farm |
| 21:34 | Build | Farm |
| 21:35 | Build | Farm |
| 21:35 | Build | Farm |
| 21:36 | Build | Farm |
| 21:36 | Build | Farm |
| 21:37 | Build | Farm |
| 21:39 | Build | Mill |
| 21:42 | Queue | Villager (Male) |
| 21:42 | Queue | Villager (Male) |
| 21:46 | Build | House |
| 21:50 | Queue | Villager (Male) |
| 21:50 | Queue | Villager (Male) |
| 21:53 | Build | Farm |
| 21:55 | Build | Farm |
| 21:58 | Build | Farm |
| 22:12 | Queue | Villager (Male) |
| 22:13 | Queue | Villager (Male) |
| 22:25 | Queue | Villager (Male) |
| 22:25 | Queue | Villager (Male) |
| 22:30 | Build | Farm |
| 22:31 | Build | Farm |
| 22:33 | Build | Farm |
| 22:37 | Queue | Villager (Male) |
| 22:37 | Queue | Villager (Male) |
| 22:41 | Build | Farm |
| 22:44 | Build | Farm |
| 22:45 | Build | Farm |
| 22:45 | Build | Farm |
| 22:46 | Build | Farm |
| 22:46 | Build | Farm |
| 22:46 | Build | Farm |
| 22:47 | Queue | Villager (Male) |
| 22:51 | Queue | Villager (Male) |
Build order — 这样不好
First 150 of 279 actions detected
| 0:01 | Queue | Villager (Male) |
| 0:02 | Queue | Villager (Male) |
| 0:02 | Build | House |
| 0:04 | Build | House |
| 0:08 | Queue | Villager (Male) |
| 0:08 | Queue | Villager (Male) |
| 1:25 | Queue | Villager (Male) |
| 1:26 | Queue | Villager (Male) |
| 1:51 | Build | Lumber Camp |
| 2:02 | Queue | Villager (Male) |
| 2:02 | Queue | Villager (Male) |
| 2:19 | Queue | Villager (Male) |
| 2:19 | Queue | Villager (Male) |
| 2:50 | Queue | Villager (Male) |
| 2:51 | Queue | Villager (Male) |
| 3:19 | Queue | Villager (Male) |
| 3:45 | Queue | Villager (Male) |
| 3:50 | Build | House |
| 4:10 | Queue | Villager (Male) |
| 4:11 | Queue | Villager (Male) |
| 4:15 | Queue | Villager (Male) |
| 4:16 | Queue | Villager (Male) |
| 4:23 | Build | Mill |
| 4:35 | Queue | Villager (Male) |
| 5:08 | Queue | Villager (Male) |
| 5:08 | Queue | Villager (Male) |
| 5:36 | Queue | Villager (Male) |
| 5:36 | Queue | Villager (Male) |
| 6:25 | Build | House |
| 6:38 | Queue | Villager (Male) |
| 7:10 | Queue | Villager (Male) |
| 7:10 | Queue | Villager (Male) |
| 7:12 | Build | Mining Camp |
| 7:14 | Build | Farm |
| 7:56 | Queue | Villager (Male) |
| 8:03 | Build | Farm |
| 8:26 | Research | Feudal Age |
| 8:26 | Research | Feudal Age |
| 8:51 | Build | House |
| 9:50 | Queue | Villager (Male) |
| 10:09 | Queue | Villager (Male) |
| 10:36 | Age | Feudal Age |
| 10:38 | Build | Blacksmith |
| 10:40 | Build | Market |
| 11:23 | Build | Mining Camp |
| 11:31 | Research | Castle Age |
| 11:31 | Research | Castle Age |
| 12:13 | Research | Double-Bit Axe |
| 12:32 | Research | Horse Collar |
| 12:32 | Research | Horse Collar |
| 12:37 | Build | Farm |
| 12:42 | Build | Farm |
| 13:05 | Queue | Villager (Male) |
| 13:21 | Build | Farm |
| 14:07 | Queue | Villager (Male) |
| 14:11 | Age | Castle Age |
| 14:18 | Research | Bow Saw |
| 14:33 | Build | Farm |
| 14:35 | Build | Farm |
| 14:36 | Build | Farm |
| 14:39 | Build | Farm |
| 14:39 | Queue | Villager (Male) |
| 15:04 | Build | Farm |
| 15:05 | Queue | Villager (Male) |
| 15:10 | Build | House |
| 15:25 | Queue | Villager (Male) |
| 15:51 | Queue | Villager (Male) |
| 15:54 | Build | Farm |
| 16:00 | Build | Castle |
| 16:12 | Queue | Villager (Male) |
| 16:37 | Queue | Villager (Male) |
| 16:44 | Build | Farm |
| 16:44 | Queue | Villager (Male) |
| 17:12 | Build | Farm |
| 17:13 | Queue | Villager (Male) |
| 17:29 | Queue | Rattan Archer |
| 17:29 | Queue | Rattan Archer |
| 17:47 | Queue | Villager (Male) |
| 17:50 | Queue | Rattan Archer |
| 17:51 | Queue | Rattan Archer |
| 17:51 | Queue | Rattan Archer |
| 17:55 | Research | Fletching |
| 17:55 | Research | Fletching |
| 18:02 | Research | Heavy Plow |
| 18:03 | Research | Heavy Plow |
| 18:08 | Queue | Villager (Male) |
| 18:16 | Queue | Rattan Archer |
| 18:38 | Queue | Rattan Archer |
| 18:40 | Queue | Petard |
| 18:42 | Queue | Petard |
| 18:47 | Queue | Villager (Male) |
| 18:51 | Build | Farm |
| 18:54 | Build | Farm |
| 19:01 | Queue | Villager (Male) |
| 19:16 | Queue | Villager (Male) |
| 19:17 | Queue | Rattan Archer |
| 19:27 | Research | Padded Archer Armor |
| 19:45 | Build | Farm |
| 19:46 | Queue | Villager (Male) |
| 19:52 | Queue | Rattan Archer |
| 19:52 | Queue | Rattan Archer |
| 20:06 | Build | Farm |
| 20:07 | Queue | Villager (Male) |
| 20:30 | Build | Farm |
| 20:30 | Queue | Villager (Male) |
| 20:43 | Queue | Rattan Archer |
| 20:43 | Queue | Rattan Archer |
| 20:50 | Research | Bodkin Arrow |
| 20:50 | Research | Bodkin Arrow |
| 20:54 | Queue | Villager (Male) |
| 20:57 | Research | Gold Mining |
| 20:57 | Research | Gold Mining |
| 21:15 | Queue | Villager (Male) |
| 21:19 | Build | House |
| 21:19 | Build | House |
| 22:10 | Build | House |
| 22:11 | Build | House |
| 22:12 | Queue | Villager (Male) |
| 22:43 | Queue | Villager (Male) |
| 22:49 | Build | Lumber Camp |
| 22:51 | Queue | Villager (Male) |
| 23:36 | Build | House |
| 23:37 | Build | House |
| 23:37 | Queue | Rattan Archer |
| 23:38 | Queue | Rattan Archer |
| 23:38 | Queue | Rattan Archer |
| 23:41 | Build | Farm |
| 23:42 | Queue | Villager (Male) |
| 23:42 | Queue | Villager (Male) |
| 23:55 | Queue | Villager (Male) |
| 24:00 | Build | Town Center |
| 24:19 | Queue | Villager (Male) |
| 24:44 | Build | House |
| 25:04 | Research | Imperial Age |
| 25:04 | Research | Imperial Age |
| 25:09 | Build | Mining Camp |
| 25:40 | Research | Loom |
| 25:41 | Research | Loom |
| 25:49 | Build | Castle |
| 25:56 | Queue | Villager (Male) |
| 26:06 | Research | Leather Archer Armor |
| 26:07 | Research | Leather Archer Armor |
| 26:16 | Queue | Villager (Male) |
| 26:16 | Queue | Villager (Male) |
| 26:22 | Queue | Rattan Archer |
| 26:22 | Queue | Rattan Archer |
| 26:37 | Queue | Villager (Male) |
| 26:50 | Build | Town Center |
| 26:55 | Queue | Villager (Male) |
| 26:55 | Queue | Villager (Male) |
Match timeline
| 10:17 | 玩印度的哥们硬不起来 · age_up feudal |
| 10:31 | Hector · age_up feudal |
| 10:36 | 这样不好 · age_up feudal |
| 10:55 | 羊了个羊 · age_up feudal |
| 10:57 | Sir Dancealot · age_up feudal |
| 10:57 | jimmy · age_up feudal |
| 11:38 | 玩印度的哥们硬不起来 · first_market_sell 100 wood |
| 11:56 | 2手下留情1 · age_up feudal |
| 11:57 | zenleelee20556 · age_up feudal |
| 13:35 | jimmy · first_market_buy 100 stone |
| 14:05 | Hector · age_up castle |
| 14:11 | 这样不好 · age_up castle |
| 14:32 | jimmy · age_up castle |
| 14:37 | 玩印度的哥们硬不起来 · age_up castle |
| 14:43 | 玩印度的哥们硬不起来 · first_building Monastery |
| 15:02 | Sir Dancealot · age_up castle |
| 15:04 | Sir Dancealot · first_building Monastery |
| 15:24 | 羊了个羊 · age_up castle |
| 15:26 | 羊了个羊 · first_building Monastery |
| 15:53 | 2手下留情1 · age_up castle |
| 15:53 | zenleelee20556 · first_market_buy 100 stone |
| 16:00 | 这样不好 · first_building Castle |
| 16:02 | 2手下留情1 · first_building Castle |
| 16:02 | zenleelee20556 · age_up castle |
| 16:06 | Hector · first_market_buy 100 food |
| 16:20 | 2手下留情1 · first_building Monastery |
| 16:45 | Sir Dancealot · first_market_sell 100 stone |
| 18:07 | Sir Dancealot · first_building Castle |
| 19:09 | Sir Dancealot · first_market_buy 100 stone |
| 21:48 | Hector · first_building Siege Workshop |
| 22:54 | jimmy · first_building Monastery |
| 24:23 | Sir Dancealot · first_building Siege Workshop |
| 24:58 | 2手下留情1 · first_building Barracks |
| 24:58 | 这样不好 · first_market_sell 100 food |
| 25:09 | 2手下留情1 · age_up imperial |
| 25:22 | 羊了个羊 · first_building Barracks |
| 25:24 | Hector · first_building Barracks |
| 25:30 | zenleelee20556 · first_market_sell 100 food |
| 25:40 | Hector · first_market_sell 500 wood |
| 25:57 | 2手下留情1 · first_market_buy 100 wood |
| 25:58 | zenleelee20556 · first_building Monastery |
| 26:00 | 玩印度的哥们硬不起来 · first_building Barracks |
| 26:20 | jimmy · first_building Barracks |
| 26:29 | Hector · first_building Monastery |
| 26:43 | 羊了个羊 · first_market_sell 500 food |
| 26:52 | 羊了个羊 · first_building Stable |
| 27:01 | 玩印度的哥们硬不起来 · first_building Siege Workshop |
| 27:17 | 玩印度的哥们硬不起来 · first_market_buy 100 wood |
| 27:20 | zenleelee20556 · first_building Barracks |
| 27:22 | Hector · first_building Castle |
| 27:38 | jimmy · tribute_sent a jugador 1 |
| 27:38 | jimmy · tribute_sent a jugador 2 |
| 27:38 | jimmy · tribute_sent a jugador 4 |
| 27:38 | jimmy · tribute_sent a jugador 5 |
| 27:38 | jimmy · tribute_sent a jugador 6 |
| 27:38 | jimmy · tribute_sent a jugador 7 |
| 27:38 | jimmy · tribute_sent a jugador 8 |
| 27:54 | zenleelee20556 · first_building Stable |
| 28:01 | 这样不好 · first_building Barracks |
| 28:10 | Sir Dancealot · age_up imperial |
| 28:11 | Sir Dancealot · first_building Barracks |
| 28:27 | jimmy · tribute_sent a jugador 1 |
| 28:27 | jimmy · tribute_sent a jugador 2 |
| 28:27 | jimmy · tribute_sent a jugador 4 |
| 28:27 | jimmy · tribute_sent a jugador 5 |
| 28:27 | jimmy · tribute_sent a jugador 6 |
| 28:27 | jimmy · tribute_sent a jugador 7 |
| 28:27 | jimmy · tribute_sent a jugador 8 |
| 28:30 | 这样不好 · age_up imperial |
| 28:33 | jimmy · age_up imperial |
| 28:46 | jimmy · tribute_sent a jugador 1 |
| 28:46 | jimmy · tribute_sent a jugador 2 |
| 28:46 | jimmy · tribute_sent a jugador 4 |
| 28:46 | jimmy · tribute_sent a jugador 5 |
| 28:46 | jimmy · tribute_sent a jugador 6 |
| 28:46 | jimmy · tribute_sent a jugador 7 |
| 28:46 | jimmy · tribute_sent a jugador 8 |
| 29:01 | Sir Dancealot · first_building Archery Range |
| 29:03 | jimmy · first_building Siege Workshop |
| 29:14 | 玩印度的哥们硬不起来 · age_up imperial |
| 29:56 | 羊了个羊 · age_up imperial |
| 30:06 | zenleelee20556 · age_up imperial |
| 30:16 | Hector · age_up imperial |
| 30:33 | 羊了个羊 · first_building Siege Workshop |
| 30:45 | 羊了个羊 · first_building Castle |
| 31:00 | 羊了个羊 · wall_segment Stone Wall x1 |
| 31:04 | 羊了个羊 · wall_segment Stone Wall x1 |
| 31:09 | zenleelee20556 · first_building Archery Range |
| 31:10 | 羊了个羊 · wall_segment Stone Wall x1 |
| 32:02 | 羊了个羊 · wall_segment Stone Wall x1 |
| 33:39 | 2手下留情1 · first_building Siege Workshop |
| 34:27 | zenleelee20556 · first_building Siege Workshop |
| 35:02 | 2手下留情1 · first_market_sell 100 wood |
| 35:28 | jimmy · first_building Castle |
| 35:48 | 玩印度的哥们硬不起来 · first_building Stable |
| 37:41 | 这样不好 · resign |
| 39:05 | 玩印度的哥们硬不起来 · first_building Castle |
| 39:06 | 2手下留情1 · first_building Archery Range |
| 40:35 | 羊了个羊 · tribute_sent a jugador 1 |
| 40:35 | 羊了个羊 · tribute_sent a jugador 2 |
| 40:35 | 羊了个羊 · tribute_sent a jugador 3 |
| 40:35 | 羊了个羊 · tribute_sent a jugador 4 |
| 40:35 | 羊了个羊 · tribute_sent a jugador 5 |
| 40:35 | 羊了个羊 · tribute_sent a jugador 7 |
| 40:35 | 羊了个羊 · tribute_sent a jugador 8 |
[ AI ANALYSIS · 1 CREDIT ]
What really happened in this match?
Wolo.gg analyzes every decision: build order, eco, micro, common mistakes by bracket. Personalized analysis on WhatsApp or Discord in 30 seconds.
Civ guide
Georgians
Perfil
Jugador #5004823